 Dungeon Sprint DCSS version 0.22-a0-135-g6f012ad (webtiles) character file.

366 schets the Skirmisher (level 6, -5/55 HPs)
             Began as a Demonspawn Fighter on Feb 2, 2018.
             Was a Believer of Uskayaw.
             Slain by a two-headed ogre
             ... wielding a +0 giant spiked club
              (11 damage)
             ... in the Dungeon (Sprint IX: "|||||||||||||||||||||||||||||").
             The game lasted 00:02:19 (726 turns).

schets the Skirmisher (Demonspawn Fighter)           Turns: 726, Time: 00:02:20

Health: -5/55      AC: 20    Str: 17    XL:     6   Next: 40%
Magic:  11/11      EV:  8    Int: 10    God:    Uskayaw [**....]
Gold:   0          SH: 10    Dex: 13    Spells: 5/5 levels left

rFire    . . .     SeeInvis .   q - +2 rapier (drain)
rCold    + . .     Gourm    .   c - +0 shield
rNeg     . . .     Faith    .   t - +1 scale mail {rC+}
rPois    .         Spirit   .   u - +0 helmet
rElec    .         Reflect  .   p - +0 cloak
rCorr    .         Harm     .   (no gloves)
MR       .....     NoTele   +   (no boots)
Stlth    ..........             (no amulet)
HPRegen  0.18/turn              (no ring)
MPRegen  0.12/turn              (no ring)

@: sanguine armour
A: powered by death 1, sanguine armour 2
a: Stomp, Line Pass, Renounce Religion


You were in the Dungeon.
You worshipped Uskayaw.
Uskayaw was noncommittal.
You were not hungry.

You visited 1 branch

Inventory:

Hand Weapons
 a - a +0 long sword
 q - a +2 rapier of draining (weapon)
Armour
 c - a +0 shield (worn)
 p - a +0 cloak (worn)
 t - a +1 scale mail of cold resistance (worn)
 u - a +0 helmet (worn)
Jewellery
 r - a +3 ring of intelligence
 s - a +3 ring of intelligence
Wands
 o - a wand of iceblast (10)
Scrolls
 k - 2 scrolls of blinking
 m - 3 scrolls of remove curse
 n - 2 scrolls of amnesia
Potions
 d - a potion of might
 e - 5 potions of curing
 g - 3 potions of heal wounds
 h - a potion of haste
 i - 4 potions of magic
 j - a potion of berserk rage
 l - a potion of invisibility
Comestibles
 b - 3 chunks of flesh
 f - a ration


   Skills:
 * Level 7.4 Fighting
 - Level 0.1(3.7) Short Blades
 * Level 6.2 Long Blades
 + Level 6.0 Armour
 - Level 0.5 Dodging
 + Level 6.0 Shields
 * Level 7.0 Invocations


You had 5 spell levels left.
You didn't know any spells.

Dungeon Overview and Level Annotations

Branches:
Dungeon (1/1)

Altars:
Cheibriados
Dithmenos
Elyvilon
Fedhas
Gozag
Hepliaklqana
Kikubaaqudgha
Makhleb
Nemelex Xobeh
Okawaru
Qazlal
Ru
Sif Muna
Trog
Uskayaw
Vehumet
Wu Jian
Xom
Yredelemnul
Zin
The Shining One
Beogh
Jiyva
Lugonu


Innate Abilities, Weirdness & Mutations

You regenerate a little health from kills.
When seriously injured, your bleeding wounds create thick armour. (AC +9)


Message History

You hit the two-headed ogre.
The two-headed ogre is moderately wounded.
You block the two-headed ogre's attack. x2
You puncture the two-headed ogre!
The two-headed ogre is heavily wounded.
The two-headed ogre hits you with a giant spiked club!
* * * LOW HITPOINT WARNING * * *
The two-headed ogre barely misses you.
You hit the two-headed ogre. You drain the two-headed ogre!
The two-headed ogre is heavily wounded.
You barely miss the two-headed ogre.
The two-headed ogre is heavily wounded.
The two-headed ogre hits you with a giant spiked club.
* * * LOW HITPOINT WARNING * * *
The two-headed ogre hits you but does no damage.
Unknown command.
You puncture the two-headed ogre! You drain the two-headed ogre!
The two-headed ogre is almost dead.
The two-headed ogre hits you with a giant spiked club!
You die... ▓▓▓▓▓▓▓▓▓▓▓▓▓▓▓▓▓▓▓▓▓▓▓▓ .clZFoO@.....).....[|..' ▓▓▓▓▓▓▓▓▓▓▓▓▓▓▓▓▓▓▓▓▓▓▓▓

You could see a centaur warrior, a two-headed ogre, a wyvern, a bullfrog, an orc and an adder skeleton.

Vanquished Creatures
  An orc warrior (D)
  An ogre (D)
  A bullfrog (D)
  A howler monkey (D)
  A jelly (D)
  A worker ant (D)
  2 adders (D)
  An adder zombie (D)
  A leopard gecko (D)
  A ball python (D)
  2 goblins (D)
  A quokka (D)
  A kobold (D)
  A rat (D)
16 creatures vanquished.

Notes
Turn   | Place    | Note
-------+----------+-------------------------------------------
     0 | D        | schets the Demonspawn Fighter began the quest for the Orb.
     0 | D        | Reached XP level 1. HP: 18/18 MP: 1/1
   185 | D        | Noticed a howler monkey
   192 | D        | Gained mutation: When seriously injured, your bleeding wounds create armour. (AC +9) [demonic ancestry]
   192 | D        | Reached XP level 2. HP: 18/24 MP: 2/2
   207 | D        | Killed a howler monkey
   207 | D        | Reached XP level 3. HP: 8/31 MP: 3/3
   459 | D        | Found a roughly hewn altar of Beogh.
   459 | D        | Found a snail-covered altar of Cheibriados.
   459 | D        | Found a shadowy altar of Dithmenos.
   459 | D        | Found a white marble altar of Elyvilon.
   459 | D        | Found a blossoming altar of Fedhas.
   459 | D        | Found an opulent altar of Gozag.
   460 | D        | Found a hazy altar of Hepliaklqana.
   461 | D        | Found a viscous altar of Jiyva.
   462 | D        | Found an ancient bone altar of Kikubaaqudgha.
   463 | D        | Found a corrupted altar of Lugonu.
   464 | D        | Found a burning altar of Makhleb.
   465 | D        | Found a sparkling altar of Nemelex Xobeh.
   466 | D        | Found an iron altar of Okawaru.
   467 | D        | Found a stormy altar of Qazlal.
   468 | D        | Found a sacrificial altar of Ru.
   469 | D        | Found a deep blue altar of Sif Muna.
   470 | D        | Found a bloodstained altar of Trog.
   471 | D        | Found a hide-covered altar of Uskayaw.
   472 | D        | Found a radiant altar of Vehumet.
   473 | D        | Found an ornate altar of the Wu Jian Council.
   474 | D        | Found a shimmering altar of Xom.
   475 | D        | Found a basalt altar of Yredelemnul.
   476 | D        | Found a glowing silver altar of Zin.
   477 | D        | Found a glowing golden altar of the Shining One.
   479 | D        | Became a worshipper of Uskayaw the Reveler
   542 | D        | Noticed an orc warrior
   542 | D        | Noticed a bullfrog
   542 | D        | Noticed an ogre
   544 | D        | Reached * piety under Uskayaw
   546 | D        | Gained mutation: You regenerate a little health from kills. [demonic ancestry]
   546 | D        | Reached XP level 4. HP: 38/38 MP: 4/4
   546 | D        | Reached ** piety under Uskayaw
   548 | D        | Reached *** piety under Uskayaw
   550 | D        | Killed an ogre
   550 | D        | Reached skill level 5 in Armour
   550 | D        | Reached skill level 5 in Shields
   550 | D        | Gained mutation: When seriously injured, your bleeding wounds create thick armour. (AC +9) [demonic ancestry]
   550 | D        | Reached XP level 5. HP: 29/46 MP: 4/8
   550 | D        | Reached **** piety under Uskayaw
   555 | D        | Reached skill level 5 in Long Blades
   555 | D        | Reached skill level 5 in Invocations
   555 | D        | Reached ***** piety under Uskayaw
   571 | D        | Killed an orc warrior
   571 | D        | Reached XP level 6. HP: 31/55 MP: 6/10
   574 | D        | Reached ****** piety under Uskayaw
   715 | D        | Noticed a centaur warrior
   715 | D        | Noticed a wyvern
   715 | D        | Noticed a two-headed ogre
   726 | D        | Slain by a two-headed ogre

Vault maps used:
D:        linesprint

Skill      XL: |  1  2  3  4  5  6 |
---------------+-------------------+-----
Long Blades    | 2 3 4 5 6 |  6.2
Armour         | 3 4 5 6 |  6.0
Shields        | 3 4 5 6 |  6.0
Fighting       | 4 6 7 |  7.4
Invocations    | 4 6 7 |  7.0
Short Blades   | |  0.1
Dodging        | |  0.5

Action                   |  1- 3 |  4- 6 || total
-------------------------+-------+-------++-------
Melee: Long sword        |    32 |       ||    32
       Rapier            |     4 |    40 ||    44
 Stab: Paralysed         |       |     2 ||     2
Armor: Scale mail        |    11 |     6 ||    17
Dodge: Dodged            |     6 |     9 ||    15
Block: Shield            |    16 |    16 ||    32
       Rpst.: Long sword |     3 |       ||     3

Table legend:
 A = Spawn XP
 B = Non-spawn XP
 C = Spawn XP percentage of total XP
 D = Spawn monster count
 E = Non-spawn monster count
 F = Spawn count percentage of total count
 G = Total turns spent on level
                    A         B        C        D         E        F      G
               +---------+---------+-------+---------+---------+-------+---------
         Total |       0 |     523 |   0.0 |       0 |      16 |   0.0 |   726
               +---------+---------+-------+---------+---------+-------+---------
             D |       0 |     523 |   0.0 |       0 |      16 |   0.0 |   726
               +---------+---------+-------+---------+---------+-------+---------
